Sharks vs Canucks
Created - December 7, 2024 at 22:34
Goals
|
| Sharks |
2 |
1 |
1 |
1 |
5 |
| Canucks |
1 |
1 |
2 |
0 |
4 |
|
Shots
|
| Sharks |
10 |
14 |
13 |
3 |
40 |
| Canucks |
16 |
9 |
17 |
0 |
42 |
|
1st period
1. Sharks , Steven Stamkos 16 (Conor Sheary 13, Ronalds Kenins 9) at 7:10 (PP)
2. Sharks , Ronalds Kenins 6 (Conor Sheary 14, Mike Lundin 6) at 8:32
3. Canucks , Jason Spezza 2 (Mark Jankowski 4, Robert Nilsson 7) at 17:37
Penalties :
Travis Hamonic (Van) for Holding (Minor) at 3:56, Jason Spezza (Van) for Tripping (Minor) at 6:55, Vince Hinostroza (S.J) for Hooking (Minor) at 10:53, Drew Doughty (S.J) for High sticking (Minor) at 14:53
2nd period
4. Canucks , Yanni Gourde 8 (Ben Harpur 4, J.T. Miller 18) at 4:21
5. Sharks , Drew Doughty 4 (Ronalds Kenins 10) at 13:38
Penalties :
Tony DeAngelo (Van) for Tripping (Minor) at 9:33
3rd period
6. Sharks , Mike Lundin 2 (Andreas Martinsen 6) at 7:16
7. Canucks , Jordan Eberle 13 (J.T. Miller 19, Yanni Gourde 13) at 8:03
8. Canucks , J.T. Miller 14 (Yanni Gourde 14, Tyler Cuma 12) at 11:37 (PP)
Penalties :
Mike Lundin (S.J) for Tripping (Minor) at 11:21, Zach Parise (S.J) for Hooking (Minor) at 14:15
Overtime #1
9. Sharks , Steven Stamkos 17 (Mike Lundin 7, Conor Sheary 15) at 1:53
Penalties :
No Penalty
Goalie Stats
Philipp Grubauer (S.J), 38 saves from 42 shots - (0.905), W, 13-4-3, 61:53 minutes
Petr Mrazek (Van), 35 saves from 40 shots - (0.875), OTL, 5-5-2, 61:53 minutes
Players Stats for Sharks
Player Name G A P +/- PIM S H SB GA TA FO MP PP MP PK MP
------------------------------------------------------------------------------------
Andreas Martinsen 0 1 1 0 0 1 0 0 0 0 0/0 11:30 0:00 1:14
Beau Bennett 0 0 0 0 0 3 0 0 0 0 0/1 10:34 0:01 0:03
Boone Jenner 0 0 0 -2 0 1 0 0 0 1 9/18 17:34 1:49 2:09
Brendan Gaunce 0 0 0 0 0 2 0 0 0 0 3/4 7:43 0:00 0:02
Connor Murphy 0 0 0 -1 0 0 1 1 0 1 0/0 11:42 0:00 0:26
Conor Sheary 0 3 3 3 0 4 1 0 0 0 1/2 21:11 2:23 0:00
Drew Doughty 1 0 1 1 2 2 1 3 1 0 0/0 27:39 2:19 2:21
Gustav Nyquist 0 0 0 0 0 1 0 0 0 0 0/0 7:03 0:00 0:00
MacKenzie Weegar 0 0 0 -1 0 0 0 1 0 0 0/0 11:15 0:00 0:00
Markus Nutivaara 0 0 0 0 0 1 1 2 0 1 0/0 21:21 1:54 3:42
Mike Lundin 1 2 3 2 2 5 2 5 1 1 0/0 29:37 2:19 3:18
Oscar Sundqvist 0 0 0 0 0 1 0 0 1 0 2/5 10:56 0:07 0:00
Ronalds Kenins 1 2 3 2 0 3 1 0 1 1 0/0 24:41 2:17 3:47
Steven Stamkos 2 0 2 3 0 10 1 1 1 1 28/46 26:16 2:24 3:49
Tyler Myers 0 0 0 0 0 2 2 4 1 0 0/0 20:18 1:54 2:39
Vince Hinostroza 0 0 0 0 2 1 0 0 0 0 0/0 7:39 0:00 0:00
Wayne Simmonds 0 0 0 -2 0 1 1 1 1 0 1/4 15:04 1:49 0:00
Zach Parise 0 0 0 -2 2 2 2 0 1 0 0/1 17:19 1:49 1:22
Players Stats for Canucks
Player Name G A P +/- PIM S H SB GA TA FO MP PP MP PK MP
------------------------------------------------------------------------------------
Alex Goligoski 0 0 0 1 0 1 1 1 1 1 0/0 20:00 2:51 1:43
Ben Harpur 0 1 1 0 0 0 0 0 0 1 0/0 11:31 0:00 0:36
Brock Boeser 0 0 0 0 0 8 3 0 1 0 1/3 17:44 2:42 0:00
Chris Tierney 0 0 0 0 0 3 3 1 0 2 6/16 19:51 2:42 1:16
Daniel Zaar 0 0 0 -1 0 0 1 0 0 0 0/0 6:29 0:00 0:00
Denis Gurianov 0 0 0 -1 0 0 2 0 0 0 0/0 6:55 0:00 0:26
Gilbert Brule 0 0 0 -1 0 2 2 0 0 0 2/5 7:11 0:40 0:00
J.T. Miller 1 2 3 0 0 4 3 0 1 1 5/7 24:13 3:31 2:18
Jason Spezza 1 0 1 1 2 3 0 0 0 0 0/0 11:28 0:00 1:03
Jordan Eberle 1 0 1 0 0 4 0 0 0 0 0/3 23:25 2:51 2:17
Mark Jankowski 0 1 1 1 0 2 3 0 0 0 0/0 10:19 0:00 0:00
Matt Martin 0 0 0 -1 0 5 1 2 0 1 1/2 18:06 2:42 0:00
Michael Kesselring 0 0 0 0 0 0 0 0 0 0 0/0 12:44 0:00 1:36
Robert Nilsson 0 1 1 0 0 0 1 0 0 0 6/9 11:26 0:43 0:00
Tony DeAngelo 0 0 0 1 2 0 1 2 0 0 0/0 19:14 2:51 0:45
Travis Hamonic 0 0 0 -2 2 4 1 3 0 1 0/0 29:02 3:22 1:16
Tyler Cuma 0 1 1 -1 0 1 2 4 2 0 0/0 29:29 3:22 2:30
Yanni Gourde 1 2 3 0 0 5 4 1 1 1 16/36 22:16 2:48 1:06
3 Stars
1 - Steven Stamkos (S.J)
2 - Ronalds Kenins (S.J)
3 - Mike Lundin (S.J)
Power Play
Sharks - 1 on 3 Attempt(s) - 33.33%
Canucks - 1 on 4 Attempt(s) - 25.00%
Penalty Kill
Sharks - 3 on 4 Attempt(s) - 75.00%
- Score 0 goal in Penalty Kill
Canucks - 2 on 3 Attempt(s) - 66.67%
- Score 0 goal in Penalty Kill
Team Stat
Sharks - Hits : 13 - Faceoff Wins : 44 - Blocked Shots : 18 - Penalty Minutes : 8
Canucks - Hits : 28 - Faceoff Wins : 37 - Blocked Shots : 14 - Penalty Minutes : 6
Official
Referees : Graham Skilliter and TJ Luxmore
Linesman : Brad Kovachik and Ryan Daisy
Game Notes
No Game Note
Finance
Level 1 -- Attendance: 5688 (94.80%) -- Ticket Income $568,800
Level 2 -- Attendance: 4949 (98.98%) -- Ticket Income $346,430
Level 3 -- Attendance: 2000 (100.00%) -- Ticket Income $80,000
Level 4 -- Attendance: 4000 (100.00%) -- Ticket Income $120,000
Luxury Box -- Attendance: 935 (93.50%) -- Ticket Income $187,000
Game was played at the Rodgers Arena.
Total Attendance: 17572 (97.62%)
Total Ticket Income: $1,302,230
Other Income: $195,334
Total Income: $1,497,564
Sharks
5 vs 5 Forward
Center Left Wing Right Wing Time % Phy DF OF
1 Steven Stamkos Ronalds Kenins Conor Sheary 40 1 2 2
2 Boone Jenner Zach Parise Wayne Simmonds 30 1 2 2
3 Oscar Sundqvist Andreas Martinsen Beau Bennett 20 1 2 2
4 Brendan Gaunce Vince Hinostroza Gustav Nyquist 10 1 2 2
5 vs 5 Defense
Defense Defense Time % Phy DF OF
1 Drew Doughty Mike Lundin 40 1 2 2
2 Tyler Myers Markus Nutivaara 30 1 2 2
3 Connor Murphy MacKenzie Weegar 20 1 2 2
4 Drew Doughty Mike Lundin 10 1 2 2
PowerPlay Forward
Center Left Wing Right Wing Time % Phy DF OF
1 Steven Stamkos Ronalds Kenins Conor Sheary 60 1 2 2
2 Boone Jenner Zach Parise Wayne Simmonds 40 1 2 2
PowerPlay Defense
Defense Defense Time % Phy DF OF
1 Drew Doughty Mike Lundin 60 1 2 2
2 Tyler Myers Markus Nutivaara 40 1 2 2
Penalty Kill 4 Players Forward
Center Wing Time % Phy DF OF
1 Steven Stamkos Ronalds Kenins 60 1 2 2
2 Boone Jenner Zach Parise 40 1 2 2
Penalty Kill 4 Players Defense
Defense Defense Time % Phy DF OF
1 Drew Doughty Mike Lundin 60 1 2 2
2 Tyler Myers Markus Nutivaara 40 1 2 2
Penalty Kill - 3 Players Forward
Forward Time % Phy DF OF
1 Steven Stamkos 60 1 2 2
2 Boone Jenner 40 1 2 2
Penalty Kill - 3 Players Defense
Defense Defense Time % Phy DF OF
1 Drew Doughty Mike Lundin 60 1 2 2
2 Tyler Myers Markus Nutivaara 40 1 2 2
4 vs 4 Forward
Center Wing Time % Phy DF OF
1 Steven Stamkos Ronalds Kenins 60 1 2 2
2 Boone Jenner Zach Parise 40 1 2 2
4 vs 4 Defense
Defense Defense Time % Phy DF OF
1 Drew Doughty Mike Lundin 60 1 2 2
2 Tyler Myers Markus Nutivaara 40 1 2 2
Last Minutes Offensive
Center Left Wing Right Wing Defense Defense
Steven Stamkos Ronalds Kenins Conor Sheary Drew Doughty Mike Lundin
Last Minutes Defensive
Center Left Wing Right Wing Defense Defense
Steven Stamkos Ronalds Kenins Conor Sheary Drew Doughty Mike Lundin
Goaltenders
Starting : Philipp Grubauer
Backup : Malcolm Subban
Extra Forwards
Normal : Zach Parise, Oscar Sundqvist, Wayne Simmonds - PP : Zach Parise, Oscar Sundqvist - PK : Zach Parise
Extra Defensemen
Normal : Markus Nutivaara, Connor Murphy, MacKenzie Weegar - PP : Markus Nutivaara - PK : Markus Nutivaara, Connor Murphy
Penalty Shots
Steven Stamkos, Conor Sheary, Boone Jenner, Ronalds Kenins, Zach Parise
Custom OT Lines Forwards
Steven Stamkos, Conor Sheary, Boone Jenner, Ronalds Kenins, Zach Parise, Oscar Sundqvist, Wayne Simmonds, Brendan Gaunce, Beau Bennett, Andreas Martinsen
Custom OT Lines Defensemen
Drew Doughty, Mike Lundin, Tyler Myers, Markus Nutivaara, Connor Murphy
Scratches
Jeremy Morin (Broken Bone (Right Arm) Injury), Logan Stanley (Healthy)
Canucks
5 vs 5 Forward
Center Left Wing Right Wing Time % Phy DF OF
1 Yanni Gourde J.T. Miller Jordan Eberle 40 1 2 2
2 Chris Tierney Matt Martin Brock Boeser 30 1 2 2
3 Robert Nilsson Mark Jankowski Jason Spezza 20 1 2 2
4 Gilbert Brule Denis Gurianov Daniel Zaar 10 1 2 2
5 vs 5 Defense
Defense Defense Time % Phy DF OF
1 Travis Hamonic Tyler Cuma 40 1 2 2
2 Alex Goligoski Tony DeAngelo 30 1 2 2
3 Ben Harpur Michael Kesselring 20 1 2 2
4 Travis Hamonic Tyler Cuma 10 1 2 2
PowerPlay Forward
Center Left Wing Right Wing Time % Phy DF OF
1 Yanni Gourde J.T. Miller Jordan Eberle 60 1 2 2
2 Chris Tierney Matt Martin Brock Boeser 40 1 2 2
PowerPlay Defense
Defense Defense Time % Phy DF OF
1 Travis Hamonic Tyler Cuma 60 1 2 2
2 Alex Goligoski Tony DeAngelo 40 1 2 2
Penalty Kill 4 Players Forward
Center Wing Time % Phy DF OF
1 J.T. Miller Jordan Eberle 60 1 2 2
2 Yanni Gourde Chris Tierney 40 1 2 2
Penalty Kill 4 Players Defense
Defense Defense Time % Phy DF OF
1 Travis Hamonic Tyler Cuma 60 1 2 2
2 Alex Goligoski Tony DeAngelo 40 1 2 2
Penalty Kill - 3 Players Forward
Forward Time % Phy DF OF
1 J.T. Miller 60 1 2 2
2 Jordan Eberle 40 1 2 2
Penalty Kill - 3 Players Defense
Defense Defense Time % Phy DF OF
1 Travis Hamonic Tyler Cuma 60 1 2 2
2 Alex Goligoski Tony DeAngelo 40 1 2 2
4 vs 4 Forward
Center Wing Time % Phy DF OF
1 J.T. Miller Jordan Eberle 60 1 2 2
2 Yanni Gourde Chris Tierney 40 1 2 2
4 vs 4 Defense
Defense Defense Time % Phy DF OF
1 Travis Hamonic Tyler Cuma 60 1 2 2
2 Alex Goligoski Tony DeAngelo 40 1 2 2
Last Minutes Offensive
Center Left Wing Right Wing Defense Defense
Yanni Gourde J.T. Miller Jordan Eberle Travis Hamonic Tyler Cuma
Last Minutes Defensive
Center Left Wing Right Wing Defense Defense
Yanni Gourde J.T. Miller Jordan Eberle Travis Hamonic Tyler Cuma
Goaltenders
Starting : Petr Mrazek
Backup : Matt Hackett
Extra Forwards
Normal : Robert Nilsson, Gilbert Brule, Jason Spezza - PP : Robert Nilsson, Gilbert Brule - PK : Jason Spezza
Extra Defensemen
Normal : Ben Harpur, Michael Kesselring, Alex Goligoski - PP : Ben Harpur - PK : Michael Kesselring, Alex Goligoski
Penalty Shots
J.T. Miller, Jordan Eberle, Yanni Gourde, Chris Tierney, Matt Martin
Custom OT Lines Forwards
J.T. Miller, Jordan Eberle, Yanni Gourde, Chris Tierney, Matt Martin, Robert Nilsson, Brock Boeser, Gilbert Brule, Jason Spezza, Mark Jankowski
Custom OT Lines Defensemen
Travis Hamonic, Tyler Cuma, Alex Goligoski, Tony DeAngelo, Ben Harpur
Scratches
Oliver Ekman-Larsson (Sprained Left Ankle Injury), Tyler Kennedy (Healthy)
% Time on Ice - Sharks
Lines # - Real PCT - Wanted PCT - Time Play
Normal Forward
1 - 38% - 40% - 18:59
2 - 27% - 30% - 13:16
3 - 21% - 20% - 10:16
4 - 14% - 10% - 7:03
Normal Defense
1 - 40% - 40% - 19:54
2 - 32% - 30% - 15:45
3 - 23% - 20% - 11:15
4 - 5% - 10% - 2:40
PP Forward
1 - 57% - 60% - 2:24
2 - 43% - 40% - 1:49
PP Defense
1 - 55% - 60% - 2:19
2 - 45% - 40% - 1:54
PK Forward
1 - 74% - 60% - 4:37
2 - 26% - 40% - 1:36
PK Defense
1 - 57% - 60% - 3:34
2 - 43% - 40% - 2:39
PK3 Forward
1 - 0% - 60%
2 - 0% - 40%
PK3 Defense
1 - 0% - 60%
2 - 0% - 40%
44 Forward
1 - 0% - 60%
2 - 0% - 40%
44 Defense
1 - 0% - 60%
2 - 0% - 40%
Last Minute Offensive - 0:00
Last Minute Defensive - 0:00
Total
Forward - 60:00
Defense - 60:00
|
% Time on Ice - Canucks
Lines # - Real PCT - Wanted PCT - Time Play
Normal Forward
1 - 36% - 40% - 17:44
2 - 30% - 30% - 15:02
3 - 21% - 20% - 10:19
4 - 13% - 10% - 6:29
Normal Defense
1 - 42% - 40% - 20:40
2 - 32% - 30% - 15:39
3 - 22% - 20% - 10:40
4 - 5% - 10% - 2:35
PP Forward
1 - 57% - 60% - 3:31
2 - 43% - 40% - 2:42
PP Defense
1 - 54% - 60% - 3:22
2 - 46% - 40% - 2:51
PK Forward
1 - 74% - 60% - 3:07
2 - 26% - 40% - 1:06
PK Defense
1 - 59% - 60% - 2:30
2 - 41% - 40% - 1:43
PK3 Forward
1 - 0% - 60%
2 - 0% - 40%
PK3 Defense
1 - 0% - 60%
2 - 0% - 40%
44 Forward
1 - 0% - 60%
2 - 0% - 40%
44 Defense
1 - 0% - 60%
2 - 0% - 40%
Last Minute Offensive - 0:00
Last Minute Defensive - 0:00
Total
Forward - 60:00
Defense - 60:00
|
Play-by-Play
1st period
0:01 of 1st period - Steven Stamkos wins face-off versus Yanni Gourde in neutral zone.
0:30 of 1st period - Icing by Conor Sheary.
0:31 of 1st period - Boone Jenner wins face-off versus Chris Tierney in Sharks zone.
0:44 of 1st period - Snap shot by Brock Boeser.
0:44 of 1st period - Shot Misses the Net.
0:55 of 1st period - Icing by Wayne Simmonds.
0:56 of 1st period - Oscar Sundqvist wins face-off versus Robert Nilsson in Sharks zone.
0:56 of 1st period - Oscar Sundqvist is hit by Mark Jankowski.
1:22 of 1st period - Ben Harpur is hit by Tyler Myers and loses puck.
1:49 of 1st period - Snap shot by Chris Tierney.
1:49 of 1st period - Stopped by Philipp Grubauer without a rebound.
1:50 of 1st period - Steven Stamkos wins face-off versus Chris Tierney in Sharks zone.
3:16 of 1st period - Icing by Tony DeAngelo.
3:17 of 1st period - Brendan Gaunce wins face-off versus Chris Tierney in Canucks zone.
3:56 of 1st period - Minor Penalty to Travis Hamonic for Holding.
3:57 of 1st period - Steven Stamkos wins face-off versus J.T. Miller in Canucks zone.
5:16 of 1st period - Alex Goligoski is hit by Wayne Simmonds.
5:52 of 1st period - Icing by Boone Jenner.
5:53 of 1st period - J.T. Miller wins face-off versus Conor Sheary in Sharks zone.
5:56 of 1st period - Penalty to Travis Hamonic is over, Travis Hamonic is back on ice.
6:20 of 1st period - Snap shot by Chris Tierney.
6:20 of 1st period - Shot Blocked by Markus Nutivaara.
6:55 of 1st period - Minor Penalty to Jason Spezza for Tripping.
6:56 of 1st period - J.T. Miller wins face-off versus Steven Stamkos in Canucks zone.
7:10 of 1st period - Snap shot by Steven Stamkos.
7:10 of 1st period - Deflect By Travis Hamonic.
7:10 of 1st period - Goal by Steven Stamkos - Sharks : 1 - Canucks : 0.
7:11 of 1st period - Steven Stamkos wins face-off versus Yanni Gourde in neutral zone.
7:21 of 1st period - Icing by Travis Hamonic.
7:22 of 1st period - Yanni Gourde wins face-off versus Steven Stamkos in Canucks zone.
7:27 of 1st period - Slapshot by Jordan Eberle.
7:27 of 1st period - Stopped by Philipp Grubauer without a rebound.
7:28 of 1st period - Steven Stamkos wins face-off versus Yanni Gourde in Sharks zone.
7:55 of 1st period - Wayne Simmonds is hit by Chris Tierney and loses puck.
8:00 of 1st period - Snap shot by Brock Boeser.
8:00 of 1st period - Stopped by Philipp Grubauer without a rebound.
8:01 of 1st period - Chris Tierney wins face-off versus Boone Jenner in Sharks zone.
8:18 of 1st period - Snap shot by Brock Boeser.
8:18 of 1st period - Stopped by Philipp Grubauer without a rebound.
8:19 of 1st period - Steven Stamkos wins face-off versus Yanni Gourde in Sharks zone.
8:24 of 1st period - Slapshot by Drew Doughty.
8:24 of 1st period - Deflect By Steven Stamkos.
8:24 of 1st period - Deflect By J.T. Miller.
8:24 of 1st period - Stopped by Petr Mrazek with a rebound.
8:26 of 1st period - Snap shot by Steven Stamkos.
8:26 of 1st period - Stopped by Petr Mrazek with a rebound.
8:28 of 1st period - Slapshot by Mike Lundin.
8:28 of 1st period - Shot Blocked by Tyler Cuma.
8:30 of 1st period - Slapshot by Mike Lundin.
8:30 of 1st period - Shot Blocked by Travis Hamonic.
8:32 of 1st period - Wrist shot by Conor Sheary.
8:32 of 1st period - Deflect By Ronalds Kenins.
8:32 of 1st period - Goal by Ronalds Kenins - Sharks : 2 - Canucks : 0.
8:33 of 1st period - Steven Stamkos wins face-off versus Yanni Gourde in neutral zone.
8:48 of 1st period - Wrist shot by Steven Stamkos.
8:48 of 1st period - Stopped by Petr Mrazek without a rebound.
8:49 of 1st period - Robert Nilsson wins face-off versus Boone Jenner in Canucks zone.
9:14 of 1st period - Conor Sheary is hit by Yanni Gourde.
9:25 of 1st period - Icing by Steven Stamkos.
9:26 of 1st period - Steven Stamkos wins face-off versus Brock Boeser in Sharks zone.
9:53 of 1st period - MacKenzie Weegar is hit by J.T. Miller and loses puck.
10:20 of 1st period - Drew Doughty is hit by Tyler Cuma.
10:36 of 1st period - Wrist shot by J.T. Miller.
10:36 of 1st period - Shot Misses the Net.
10:40 of 1st period - Slapshot by J.T. Miller.
10:40 of 1st period - Shot Misses the Net.
10:42 of 1st period - Slapshot by Travis Hamonic.
10:42 of 1st period - Stopped by Philipp Grubauer with a rebound.
10:44 of 1st period - Wrist shot by Travis Hamonic.
10:44 of 1st period - Deflect By Mike Lundin.
10:44 of 1st period - Stopped by Philipp Grubauer with a rebound.
10:53 of 1st period - Minor Penalty to Vince Hinostroza for Hooking.
10:54 of 1st period - Steven Stamkos wins face-off versus Chris Tierney in Sharks zone.
11:08 of 1st period - Slapshot by Steven Stamkos.
11:08 of 1st period - Shot Misses the Net.
11:10 of 1st period - Slapshot by Markus Nutivaara.
11:10 of 1st period - Deflect By Tony DeAngelo.
11:10 of 1st period - Stopped by Petr Mrazek with a rebound.
11:40 of 1st period - Jordan Eberle is hit by Zach Parise and loses puck.
12:02 of 1st period - Off-side.
12:03 of 1st period - Gilbert Brule wins face-off versus Boone Jenner in neutral zone.
12:08 of 1st period - Slapshot by Alex Goligoski.
12:08 of 1st period - Deflect By Gilbert Brule.
12:08 of 1st period - Stopped by Philipp Grubauer without a rebound.
12:09 of 1st period - Boone Jenner wins face-off versus Gilbert Brule in Sharks zone.
12:43 of 1st period - Snap shot by Brock Boeser.
12:43 of 1st period - Stopped by Philipp Grubauer with a rebound.
12:45 of 1st period - Slapshot by Alex Goligoski.
12:45 of 1st period - Deflect By Matt Martin.
12:45 of 1st period - Deflect By Boone Jenner.
12:45 of 1st period - Shot Blocked by Mike Lundin.
12:45 of 1st period - Puck is out of play.
12:46 of 1st period - Matt Martin wins face-off versus Steven Stamkos in Sharks zone.
12:51 of 1st period - Snap shot by Matt Martin.
12:51 of 1st period - Shot Misses the Net.
12:53 of 1st period - Penalty to Vince Hinostroza is over, Vince Hinostroza is back on ice.
12:53 of 1st period - Snap shot by Brock Boeser.
12:53 of 1st period - Stopped by Philipp Grubauer with a rebound.
12:55 of 1st period - Slapshot by Travis Hamonic.
12:55 of 1st period - Stopped by Philipp Grubauer with a rebound.
12:57 of 1st period - Wrist shot by Brock Boeser.
12:57 of 1st period - Stopped by Philipp Grubauer with a rebound.
12:59 of 1st period - Wrist shot by Chris Tierney.
12:59 of 1st period - Shot Misses the Net.
13:01 of 1st period - Wrist shot by Brock Boeser.
13:01 of 1st period - Stopped by Philipp Grubauer with a rebound.
13:21 of 1st period - Slapshot by Travis Hamonic.
13:21 of 1st period - Shot Blocked by Tyler Myers.
13:23 of 1st period - Snap shot by Tyler Cuma.
13:23 of 1st period - Shot Blocked by Markus Nutivaara.
13:37 of 1st period - Slapshot by Zach Parise.
13:37 of 1st period - Stopped by Petr Mrazek without a rebound.
13:38 of 1st period - Yanni Gourde wins face-off versus Boone Jenner in Canucks zone.
14:03 of 1st period - Drew Doughty is hit by Brock Boeser and loses puck.
14:12 of 1st period - Slapshot by Andreas Martinsen.
14:12 of 1st period - Shot Misses the Net.
14:14 of 1st period - Snap shot by Andreas Martinsen.
14:14 of 1st period - Stopped by Petr Mrazek without a rebound.
14:15 of 1st period - Yanni Gourde wins face-off versus Boone Jenner in Canucks zone.
14:29 of 1st period - Icing by J.T. Miller.
14:30 of 1st period - Yanni Gourde wins face-off versus Steven Stamkos in Canucks zone.
14:53 of 1st period - Minor Penalty to Drew Doughty for High sticking.
14:54 of 1st period - Yanni Gourde wins face-off versus Steven Stamkos in Sharks zone.
15:10 of 1st period - Snap shot by J.T. Miller.
15:10 of 1st period - Stopped by Philipp Grubauer without a rebound.
15:11 of 1st period - Yanni Gourde wins face-off versus Steven Stamkos in Sharks zone.
15:12 of 1st period - Wrist shot by Jordan Eberle.
15:12 of 1st period - Stopped by Philipp Grubauer without a rebound.
15:13 of 1st period - Steven Stamkos wins face-off versus Yanni Gourde in Sharks zone.
16:53 of 1st period - Penalty to Drew Doughty is over, Drew Doughty is back on ice.
17:05 of 1st period - Off-side.
17:06 of 1st period - Robert Nilsson wins face-off versus Oscar Sundqvist in neutral zone.
17:11 of 1st period - Snap shot by Jason Spezza.
17:11 of 1st period - Stopped by Philipp Grubauer with a rebound.
17:13 of 1st period - Slapshot by Ben Harpur.
17:13 of 1st period - Shot Blocked by Mike Lundin.
17:15 of 1st period - Slapshot by Michael Kesselring.
17:15 of 1st period - Shot Blocked by Mike Lundin.
17:37 of 1st period - Snap shot by Jason Spezza.
17:37 of 1st period - Goal by Jason Spezza - Sharks : 2 - Canucks : 1.
17:38 of 1st period - Steven Stamkos wins face-off versus Matt Martin in neutral zone.
17:41 of 1st period - Snap shot by Mike Lundin.
17:41 of 1st period - Shot Misses the Net.
17:43 of 1st period - Slapshot by Mike Lundin.
17:43 of 1st period - Shot Blocked by Matt Martin.
17:45 of 1st period - Snap shot by Conor Sheary.
17:45 of 1st period - Shot Blocked by Tony DeAngelo.
17:47 of 1st period - Snap shot by Ronalds Kenins.
17:47 of 1st period - Shot Misses the Net.
17:49 of 1st period - Snap shot by Steven Stamkos.
17:49 of 1st period - Stopped by Petr Mrazek without a rebound.
17:50 of 1st period - Yanni Gourde wins face-off versus Steven Stamkos in Canucks zone.
17:57 of 1st period - Snap shot by Steven Stamkos.
17:57 of 1st period - Shot Misses the Net.
18:44 of 1st period - Wrist shot by Brendan Gaunce.
18:44 of 1st period - Stopped by Petr Mrazek without a rebound.
18:45 of 1st period - Steven Stamkos wins face-off versus Yanni Gourde in Canucks zone.
Goals for this period are 2 for Sharks vs 1 for Canucks.
Shots for this period are 10 for Sharks vs 16 for Canucks.
2nd period
0:01 of 2nd period - Steven Stamkos wins face-off versus Yanni Gourde in neutral zone.
0:12 of 2nd period - Wrist shot by J.T. Miller.
0:12 of 2nd period - Stopped by Philipp Grubauer with a rebound.
0:14 of 2nd period - Slapshot by Alex Goligoski.
0:14 of 2nd period - Shot Misses the Net.
0:16 of 2nd period - Slapshot by Yanni Gourde.
0:16 of 2nd period - Stopped by Philipp Grubauer with a rebound.
1:33 of 2nd period - Wrist shot by Chris Tierney.
1:33 of 2nd period - Stopped by Philipp Grubauer without a rebound.
1:34 of 2nd period - Steven Stamkos wins face-off versus Chris Tierney in Sharks zone.
1:41 of 2nd period - Alex Goligoski is hit by Ronalds Kenins.
2:08 of 2nd period - Snap shot by Brock Boeser.
2:08 of 2nd period - Stopped by Philipp Grubauer with a rebound.
2:29 of 2nd period - Snap shot by Chris Tierney.
2:29 of 2nd period - Shot Blocked by MacKenzie Weegar.
2:37 of 2nd period - Wrist shot by Brock Boeser.
2:37 of 2nd period - Shot Blocked by Steven Stamkos.
3:00 of 2nd period - Alex Goligoski is hit by Connor Murphy and loses puck.
3:23 of 2nd period - Wrist shot by Steven Stamkos.
3:23 of 2nd period - Stopped by Petr Mrazek without a rebound.
3:24 of 2nd period - Yanni Gourde wins face-off versus Boone Jenner in Canucks zone.
3:24 of 2nd period - Yanni Gourde is hit by Mike Lundin.
3:55 of 2nd period - Andreas Martinsen is hit by Travis Hamonic and loses puck.
4:07 of 2nd period - Icing by Andreas Martinsen.
4:08 of 2nd period - Gilbert Brule wins face-off versus Oscar Sundqvist in Sharks zone.
4:15 of 2nd period - Wrist shot by J.T. Miller.
4:15 of 2nd period - Stopped by Philipp Grubauer with a rebound.
4:17 of 2nd period - Slapshot by Ben Harpur.
4:17 of 2nd period - Shot Misses the Net.
4:19 of 2nd period - Slapshot by Ben Harpur.
4:19 of 2nd period - Shot Misses the Net.
4:21 of 2nd period - Wrist shot by Yanni Gourde.
4:21 of 2nd period - Goal by Yanni Gourde - Sharks : 2 - Canucks : 2.
4:22 of 2nd period - J.T. Miller wins face-off versus Boone Jenner in neutral zone.
4:55 of 2nd period - Wrist shot by Beau Bennett.
4:55 of 2nd period - Stopped by Petr Mrazek with a rebound.
5:20 of 2nd period - Slapshot by Oscar Sundqvist.
5:20 of 2nd period - Shot Misses the Net.
5:33 of 2nd period - Slapshot by Connor Murphy.
5:33 of 2nd period - Shot Blocked by Travis Hamonic.
5:35 of 2nd period - Wrist shot by Tyler Myers.
5:35 of 2nd period - Stopped by Petr Mrazek without a rebound.
5:36 of 2nd period - Steven Stamkos wins face-off versus Chris Tierney in Canucks zone.
5:37 of 2nd period - Snap shot by Conor Sheary.
5:37 of 2nd period - Stopped by Petr Mrazek without a rebound.
5:38 of 2nd period - Steven Stamkos wins face-off versus Brock Boeser in Canucks zone.
5:39 of 2nd period - Snap shot by Conor Sheary.
5:39 of 2nd period - Stopped by Petr Mrazek with a rebound.
5:45 of 2nd period - Matt Martin is hit by Steven Stamkos and loses puck.
6:21 of 2nd period - Icing by Markus Nutivaara.
6:22 of 2nd period - Robert Nilsson wins face-off versus Brendan Gaunce in Sharks zone.
6:35 of 2nd period - Snap shot by Brendan Gaunce.
6:35 of 2nd period - Deflect By Vince Hinostroza.
6:35 of 2nd period - Shot Misses the Net.
6:35 of 2nd period - Puck is out of play.
6:36 of 2nd period - Conor Sheary wins face-off versus Yanni Gourde in Canucks zone.
7:13 of 2nd period - Snap shot by Oscar Sundqvist.
7:13 of 2nd period - Stopped by Petr Mrazek without a rebound.
7:14 of 2nd period - Wayne Simmonds wins face-off versus Chris Tierney in Canucks zone.
7:39 of 2nd period - Tyler Myers is hit by Mark Jankowski and loses puck.
7:48 of 2nd period - Snap shot by Jason Spezza.
7:48 of 2nd period - Stopped by Philipp Grubauer with a rebound.
7:50 of 2nd period - Slapshot by Mark Jankowski.
7:50 of 2nd period - Shot Blocked by Tyler Myers.
7:52 of 2nd period - Snap shot by Mark Jankowski.
7:52 of 2nd period - Shot Blocked by Tyler Myers.
8:12 of 2nd period - Snap shot by Denis Gurianov.
8:12 of 2nd period - Shot Misses the Net.
8:17 of 2nd period - Off-side.
8:18 of 2nd period - Boone Jenner wins face-off versus Yanni Gourde in neutral zone.
8:23 of 2nd period - Wrist shot by Boone Jenner.
8:23 of 2nd period - Shot Misses the Net.
8:27 of 2nd period - Snap shot by Boone Jenner.
8:27 of 2nd period - Stopped by Petr Mrazek without a rebound.
8:28 of 2nd period - Yanni Gourde wins face-off versus Wayne Simmonds in Canucks zone.
8:57 of 2nd period - Snap shot by Oscar Sundqvist.
8:57 of 2nd period - Shot Blocked by Tony DeAngelo.
8:59 of 2nd period - Slapshot by Andreas Martinsen.
8:59 of 2nd period - Shot Blocked by Chris Tierney.
9:13 of 2nd period - Oscar Sundqvist is hit by Matt Martin and loses puck.
9:33 of 2nd period - Minor Penalty to Tony DeAngelo for Tripping.
9:34 of 2nd period - J.T. Miller wins face-off versus Steven Stamkos in Canucks zone.
9:46 of 2nd period - Snap shot by Tyler Myers.
9:46 of 2nd period - Shot Blocked by Tyler Cuma.
9:48 of 2nd period - Snap shot by Tyler Myers.
9:48 of 2nd period - Stopped by Petr Mrazek with a rebound.
9:50 of 2nd period - Snap shot by Ronalds Kenins.
9:50 of 2nd period - Shot Blocked by Tyler Cuma.
10:46 of 2nd period - Travis Hamonic is hit by Tyler Myers and loses puck.
11:13 of 2nd period - Zach Parise is hit by Alex Goligoski and loses puck.
11:33 of 2nd period - Penalty to Tony DeAngelo is over, Tony DeAngelo is back on ice.
11:38 of 2nd period - Drew Doughty is hit by Gilbert Brule and loses puck.
11:55 of 2nd period - Slapshot by Chris Tierney.
11:55 of 2nd period - Stopped by Philipp Grubauer without a rebound.
11:56 of 2nd period - Brendan Gaunce wins face-off versus Chris Tierney in Sharks zone.
13:00 of 2nd period - Brendan Gaunce is hit by Tyler Cuma and loses puck.
13:16 of 2nd period - Wrist shot by Vince Hinostroza.
13:16 of 2nd period - Stopped by Petr Mrazek without a rebound.
13:17 of 2nd period - Steven Stamkos wins face-off versus Jordan Eberle in Canucks zone.
13:18 of 2nd period - Slapshot by Drew Doughty.
13:18 of 2nd period - Deflect By Steven Stamkos.
13:18 of 2nd period - Stopped by Petr Mrazek without a rebound.
13:19 of 2nd period - Steven Stamkos wins face-off versus Yanni Gourde in Canucks zone.
13:24 of 2nd period - Slapshot by Steven Stamkos.
13:24 of 2nd period - Stopped by Petr Mrazek without a rebound.
13:25 of 2nd period - Yanni Gourde wins face-off versus Steven Stamkos in Canucks zone.
13:38 of 2nd period - Slapshot by Drew Doughty.
13:38 of 2nd period - Goal by Drew Doughty - Sharks : 3 - Canucks : 2.
13:39 of 2nd period - Steven Stamkos wins face-off versus Jordan Eberle in neutral zone.
14:06 of 2nd period - Wayne Simmonds is hit by Robert Nilsson and loses puck.
14:11 of 2nd period - Wrist shot by Robert Nilsson.
14:11 of 2nd period - Shot Blocked by Wayne Simmonds.
14:13 of 2nd period - Wrist shot by Ben Harpur.
14:13 of 2nd period - Deflect By Robert Nilsson.
14:13 of 2nd period - Shot Misses the Net.
14:13 of 2nd period - Puck is out of play.
14:14 of 2nd period - Robert Nilsson wins face-off versus Zach Parise in Sharks zone.
14:50 of 2nd period - Wrist shot by Steven Stamkos.
14:50 of 2nd period - Shot Blocked by Tyler Cuma.
15:23 of 2nd period - Snap shot by Denis Gurianov.
15:23 of 2nd period - Deflect By Gilbert Brule.
15:23 of 2nd period - Stopped by Philipp Grubauer without a rebound.
15:24 of 2nd period - Boone Jenner wins face-off versus Gilbert Brule in Sharks zone.
15:39 of 2nd period - Wrist shot by Daniel Zaar.
15:39 of 2nd period - Deflect By Denis Gurianov.
15:39 of 2nd period - Shot Misses the Net.
15:39 of 2nd period - Puck is out of play.
15:40 of 2nd period - Yanni Gourde wins face-off versus Steven Stamkos in Sharks zone.
15:55 of 2nd period - Slapshot by Steven Stamkos.
15:55 of 2nd period - Shot Misses the Net.
15:57 of 2nd period - Snap shot by Mike Lundin.
15:57 of 2nd period - Stopped by Petr Mrazek without a rebound.
15:58 of 2nd period - Boone Jenner wins face-off versus Robert Nilsson in Canucks zone.
15:59 of 2nd period - Wrist shot by Zach Parise.
15:59 of 2nd period - Stopped by Petr Mrazek with a rebound.
16:23 of 2nd period - Alex Goligoski is hit by Conor Sheary and loses puck.
16:56 of 2nd period - Oscar Sundqvist is hit by Gilbert Brule and loses puck.
18:17 of 2nd period - Snap shot by Jason Spezza.
18:17 of 2nd period - Shot Misses the Net.
18:19 of 2nd period - Slapshot by Ben Harpur.
18:19 of 2nd period - Shot Blocked by Connor Murphy.
19:02 of 2nd period - Zach Parise is hit by Tony DeAngelo and loses puck.
Goals for this period are 1 for Sharks vs 1 for Canucks.
Shots for this period are 14 for Sharks vs 9 for Canucks.
3rd period
0:01 of 3rd period - Steven Stamkos wins face-off versus Yanni Gourde in neutral zone.
0:04 of 3rd period - Snap shot by Drew Doughty.
0:04 of 3rd period - Stopped by Petr Mrazek with a rebound.
0:06 of 3rd period - Slapshot by Mike Lundin.
0:06 of 3rd period - Stopped by Petr Mrazek without a rebound.
0:07 of 3rd period - Steven Stamkos wins face-off versus Yanni Gourde in Canucks zone.
0:20 of 3rd period - Wrist shot by Ronalds Kenins.
0:20 of 3rd period - Stopped by Petr Mrazek without a rebound.
0:21 of 3rd period - Boone Jenner wins face-off versus Yanni Gourde in Canucks zone.
0:24 of 3rd period - Wrist shot by Wayne Simmonds.
0:24 of 3rd period - Stopped by Petr Mrazek without a rebound.
0:25 of 3rd period - Boone Jenner wins face-off versus Yanni Gourde in Canucks zone.
0:56 of 3rd period - Slapshot by Tyler Cuma.
0:56 of 3rd period - Shot Blocked by Mike Lundin.
1:40 of 3rd period - Vince Hinostroza is hit by Denis Gurianov.
2:16 of 3rd period - Ronalds Kenins is hit by Brock Boeser and loses puck.
2:46 of 3rd period - Slapshot by Mark Jankowski.
2:46 of 3rd period - Stopped by Philipp Grubauer with a rebound.
3:05 of 3rd period - Denis Gurianov is hit by Markus Nutivaara and loses puck.
3:37 of 3rd period - Snap shot by Brock Boeser.
3:37 of 3rd period - Shot Misses the Net.
3:39 of 3rd period - Slapshot by Chris Tierney.
3:39 of 3rd period - Deflect By Brock Boeser.
3:39 of 3rd period - Stopped by Philipp Grubauer with a rebound.
3:41 of 3rd period - Snap shot by Matt Martin.
3:41 of 3rd period - Stopped by Philipp Grubauer without a rebound.
3:42 of 3rd period - Brock Boeser wins face-off versus Steven Stamkos in Sharks zone.
3:45 of 3rd period - Snap shot by Matt Martin.
3:45 of 3rd period - Shot Blocked by Tyler Myers.
4:01 of 3rd period - Steven Stamkos is hit by Chris Tierney and loses puck.
4:14 of 3rd period - MacKenzie Weegar is hit by Yanni Gourde and loses puck.
4:43 of 3rd period - Slapshot by Beau Bennett.
4:43 of 3rd period - Stopped by Petr Mrazek with a rebound.
4:49 of 3rd period - Snap shot by Beau Bennett.
4:49 of 3rd period - Deflect By Robert Nilsson.
4:49 of 3rd period - Stopped by Petr Mrazek without a rebound.
4:50 of 3rd period - Yanni Gourde wins face-off versus Steven Stamkos in Canucks zone.
5:07 of 3rd period - Wrist shot by Ronalds Kenins.
5:07 of 3rd period - Deflect By Conor Sheary.
5:07 of 3rd period - Shot Misses the Net.
5:07 of 3rd period - Puck is out of play.
5:08 of 3rd period - Chris Tierney wins face-off versus Wayne Simmonds in Canucks zone.
7:16 of 3rd period - Slapshot by Mike Lundin.
7:16 of 3rd period - Deflect By Daniel Zaar.
7:16 of 3rd period - Goal by Mike Lundin - Sharks : 4 - Canucks : 2.
7:17 of 3rd period - Steven Stamkos wins face-off versus Yanni Gourde in neutral zone.
7:44 of 3rd period - Tyler Cuma is hit by Drew Doughty and loses puck.
7:49 of 3rd period - Wrist shot by Oscar Sundqvist.
7:49 of 3rd period - Shot Misses the Net.
7:55 of 3rd period - Slapshot by Tyler Cuma.
7:55 of 3rd period - Stopped by Philipp Grubauer without a rebound.
7:56 of 3rd period - Yanni Gourde wins face-off versus Boone Jenner in Sharks zone.
8:03 of 3rd period - Wrist shot by Jordan Eberle.
8:03 of 3rd period - Goal by Jordan Eberle - Sharks : 4 - Canucks : 3.
8:04 of 3rd period - Yanni Gourde wins face-off versus Steven Stamkos in neutral zone.
8:09 of 3rd period - Snap shot by Yanni Gourde.
8:09 of 3rd period - Stopped by Philipp Grubauer with a rebound.
8:11 of 3rd period - Slapshot by Jordan Eberle.
8:11 of 3rd period - Shot Blocked by Drew Doughty.
8:13 of 3rd period - Snap shot by Yanni Gourde.
8:13 of 3rd period - Shot Misses the Net.
8:15 of 3rd period - Wrist shot by J.T. Miller.
8:15 of 3rd period - Shot Misses the Net.
8:17 of 3rd period - Snap shot by J.T. Miller.
8:17 of 3rd period - Shot Misses the Net.
8:19 of 3rd period - Slapshot by Tyler Cuma.
8:19 of 3rd period - Shot Blocked by Mike Lundin.
8:21 of 3rd period - Slapshot by Travis Hamonic.
8:21 of 3rd period - Stopped by Philipp Grubauer without a rebound.
8:22 of 3rd period - Boone Jenner wins face-off versus Chris Tierney in Sharks zone.
8:22 of 3rd period - Boone Jenner is hit by Chris Tierney.
8:28 of 3rd period - Travis Hamonic is hit by Zach Parise and loses puck.
8:37 of 3rd period - Snap shot by Matt Martin.
8:37 of 3rd period - Stopped by Philipp Grubauer with a rebound.
8:39 of 3rd period - Slapshot by Travis Hamonic.
8:39 of 3rd period - Shot Blocked by Drew Doughty.
8:56 of 3rd period - Snap shot by Jordan Eberle.
8:56 of 3rd period - Stopped by Philipp Grubauer with a rebound.
8:58 of 3rd period - Snap shot by Yanni Gourde.
8:58 of 3rd period - Stopped by Philipp Grubauer with a rebound.
9:00 of 3rd period - Wrist shot by Yanni Gourde.
9:00 of 3rd period - Stopped by Philipp Grubauer with a rebound.
9:42 of 3rd period - Snap shot by Gustav Nyquist.
9:42 of 3rd period - Stopped by Petr Mrazek without a rebound.
9:43 of 3rd period - Steven Stamkos wins face-off versus Yanni Gourde in Canucks zone.
9:54 of 3rd period - Slapshot by Steven Stamkos.
9:54 of 3rd period - Shot Misses the Net.
9:56 of 3rd period - Wrist shot by Steven Stamkos.
9:56 of 3rd period - Shot Blocked by Yanni Gourde.
11:01 of 3rd period - Wrist shot by Conor Sheary.
11:01 of 3rd period - Shot Blocked by Alex Goligoski.
11:03 of 3rd period - Slapshot by Connor Murphy.
11:03 of 3rd period - Deflect By Conor Sheary.
11:03 of 3rd period - Stopped by Petr Mrazek with a rebound.
11:05 of 3rd period - Slapshot by Steven Stamkos.
11:05 of 3rd period - Stopped by Petr Mrazek without a rebound.
11:06 of 3rd period - Yanni Gourde wins face-off versus Wayne Simmonds in Canucks zone.
11:13 of 3rd period - Zach Parise is hit by J.T. Miller and loses puck.
11:21 of 3rd period - Minor Penalty to Mike Lundin for Tripping.
11:22 of 3rd period - Steven Stamkos wins face-off versus Yanni Gourde in Sharks zone.
11:22 of 3rd period - Steven Stamkos is hit by J.T. Miller.
11:37 of 3rd period - Wrist shot by J.T. Miller.
11:37 of 3rd period - Goal by J.T. Miller - Sharks : 4 - Canucks : 4.
11:38 of 3rd period - Steven Stamkos wins face-off versus Yanni Gourde in neutral zone.
11:51 of 3rd period - Snap shot by Conor Sheary.
11:51 of 3rd period - Stopped by Petr Mrazek with a rebound.
11:53 of 3rd period - Wrist shot by Ronalds Kenins.
11:53 of 3rd period - Stopped by Petr Mrazek without a rebound.
11:54 of 3rd period - Chris Tierney wins face-off versus Boone Jenner in Canucks zone.
11:59 of 3rd period - Drew Doughty is hit by Brock Boeser and loses puck.
12:10 of 3rd period - Wrist shot by Matt Martin.
12:10 of 3rd period - Stopped by Philipp Grubauer without a rebound.
12:11 of 3rd period - Steven Stamkos wins face-off versus Jordan Eberle in Sharks zone.
12:11 of 3rd period - Ronalds Kenins is hit by Yanni Gourde and loses puck.
12:18 of 3rd period - Ronalds Kenins is hit by Yanni Gourde and loses puck.
12:26 of 3rd period - Off-side.
12:27 of 3rd period - Boone Jenner wins face-off versus Chris Tierney in neutral zone.
13:47 of 3rd period - Gustav Nyquist is hit by Daniel Zaar and loses puck.
14:15 of 3rd period - Minor Penalty to Zach Parise for Hooking.
14:16 of 3rd period - Steven Stamkos wins face-off versus Yanni Gourde in Sharks zone.
16:15 of 3rd period - Penalty to Zach Parise is over, Zach Parise is back on ice.
16:27 of 3rd period - Ronalds Kenins is hit by Mark Jankowski.
16:28 of 3rd period - Icing by Ronalds Kenins.
16:29 of 3rd period - Brendan Gaunce wins face-off versus Gilbert Brule in Sharks zone.
16:52 of 3rd period - Slapshot by Brendan Gaunce.
16:52 of 3rd period - Stopped by Petr Mrazek without a rebound.
16:53 of 3rd period - Robert Nilsson wins face-off versus Beau Bennett in Canucks zone.
17:47 of 3rd period - Off-side.
17:48 of 3rd period - Chris Tierney wins face-off versus Oscar Sundqvist in neutral zone.
18:06 of 3rd period - Icing by Matt Martin.
18:07 of 3rd period - Chris Tierney wins face-off versus Steven Stamkos in Canucks zone.
18:07 of 3rd period - Chris Tierney is hit by Mike Lundin.
18:19 of 3rd period - Wrist shot by Matt Martin.
18:19 of 3rd period - Shot Blocked by Drew Doughty.
18:21 of 3rd period - Snap shot by Matt Martin.
18:21 of 3rd period - Stopped by Philipp Grubauer with a rebound.
18:23 of 3rd period - Snap shot by Matt Martin.
18:23 of 3rd period - Stopped by Philipp Grubauer without a rebound.
18:24 of 3rd period - Oscar Sundqvist wins face-off versus Robert Nilsson in Sharks zone.
18:51 of 3rd period - Ronalds Kenins is hit by Denis Gurianov.
19:19 of 3rd period - Snap shot by Alex Goligoski.
19:19 of 3rd period - Stopped by Philipp Grubauer without a rebound.
19:20 of 3rd period - Yanni Gourde wins face-off versus Steven Stamkos in Sharks zone.
19:49 of 3rd period - Snap shot by Mark Jankowski.
19:49 of 3rd period - Stopped by Philipp Grubauer without a rebound.
19:50 of 3rd period - Robert Nilsson wins face-off versus Steven Stamkos in Sharks zone.
Goals for this period are 1 for Sharks vs 2 for Canucks.
Shots for this period are 13 for Sharks vs 17 for Canucks.
Overtime #1
0:01 of 1st overtime period - Steven Stamkos wins face-off versus J.T. Miller in neutral zone.
0:30 of 1st overtime period - Off-side.
0:31 of 1st overtime period - Chris Tierney wins face-off versus Steven Stamkos in neutral zone.
1:11 of 1st overtime period - Icing by Mike Lundin.
1:12 of 1st overtime period - J.T. Miller wins face-off versus Steven Stamkos in Sharks zone.
1:43 of 1st overtime period - Slapshot by Steven Stamkos.
1:43 of 1st overtime period - Shot Misses the Net.
1:45 of 1st overtime period - Slapshot by Mike Lundin.
1:45 of 1st overtime period - Stopped by Petr Mrazek with a rebound.
1:47 of 1st overtime period - Slapshot by Mike Lundin.
1:47 of 1st overtime period - Shot Blocked by Matt Martin.
1:49 of 1st overtime period - Slapshot by Mike Lundin.
1:49 of 1st overtime period - Deflect By Travis Hamonic.
1:49 of 1st overtime period - Stopped by Petr Mrazek with a rebound.
1:51 of 1st overtime period - Wrist shot by Steven Stamkos.
1:51 of 1st overtime period - Shot Blocked by Travis Hamonic.
1:53 of 1st overtime period - Wrist shot by Steven Stamkos.
1:53 of 1st overtime period - Goal by Steven Stamkos - Sharks : 5 - Canucks : 4.
Goals for this period are 1 for Sharks vs 0 for Canucks.
Shots for this period are 3 for Sharks vs 0 for Canucks.